 Dungeon Crawl Stone Soup version 0.29-a0-1016-g236c7fd91e (webtiles) character file.

Game seed: 5432691148783355728

10 ragingrage the Sneak (level 2, -1/26 HPs)
             Began as a Minotaur Delver on Aug 9, 2022.
             Slain by a gnoll
             ... wielding a +0 club
             ... led by a gnoll bouda
              (2 damage)
             ... on level 5 of the Dungeon.
             The game lasted 00:00:26 (207 turns).

ragingrage the Sneak (Minotaur Delver)               Turns: 207, Time: 00:00:26

Health: -1/26      AC:  3    Str: 16    XL:     2   Next: 10%
Magic:  1/1        EV: 11    Int:  7    God:
Gold:   26         SH:  0    Dex: 11    Spells: 1/1 levels left

rFire   . . .      SeeInvis .   a - +0 hand axe
rCold   . . .      Faith    .   (no shield)
rNeg    . . .      Spirit   .   b - +0 leather armour
rPois   .          Reflect  .   (helmet restricted)
rElec   .          Harm     .   (no cloak)
rCorr   .          Rampage  .   (no gloves)
Will    .....                   (no boots)
Stlth   ++........              (no amulet)
HPRegen 0.08/turn               (no ring)
MPRegen 0.07/turn               (no ring)

@: no status effects
A: horns 2, retaliatory headbutt
a: no special abilities


You were on level 5 of the Dungeon.
You visited 1 branch of the dungeon, and saw 2 of its levels.

You collected 26 gold pieces.

Inventory:

Hand Weapons
 a - a +0 hand axe (weapon)
Armour
 b - a +0 leather armour (worn)
Wands
 g - a wand of digging (3)
Scrolls
 c - a scroll of fog
 d - a scroll of magic mapping
 e - a scroll of fear
Potions
 f - a potion of haste
 h - a potion of ambrosia {unknown}


   Skills:
 - Level 3.6 Fighting
 + Level 3.5 Axes
 - Level 2.1 Dodging
 - Level 4.1 Stealth


You had one spell level left.
You didn't know any spells.
Your spell library was empty.

Dungeon Overview and Level Annotations

Branches:
Dungeon (6/15)
 Temple: D:4-7

Altars:

Shops:
D:6 :


Innate Abilities, Weirdness & Mutations

You have a pair of horns on your head.
You reflexively headbutt those who attack you in melee.


Message History

The orc hits you with a +0 trident.
You barely miss the orc. Your headbutt misses the orc.
The orc is moderately wounded.
The orc closely misses you. You furiously retaliate!
You headbutt the orc, but do no damage. You hit the orc. You headbutt the orc.
The orc is almost dead.
The orc completely misses you.
You barely miss the orc.
The orc is almost dead.
The orc hits you with a +0 trident.
You hit the orc but do no damage.
The orc is almost dead.
The orc completely misses you.
An orc priest comes into view. It is wielding a +0 dagger.
You hit the orc but do no damage.
The orc is almost dead.
The orc attacks as you move away! The orc closely misses you.
You furiously retaliate!
You headbutt the orc, but do no damage.
The orc hits you from afar with a +0 trident.
* * * LOW HITPOINT WARNING * * *
There is a stone staircase leading up here.
You climb upwards.
An orc comes into view. It is wielding a +0 flail.
Found a scroll labelled WURROE QIRI.
Found a stone staircase leading up.
There is a stone staircase leading down here.
Unknown command.
An orc is nearby!
The orc throws a boomerang.
The boomerang misses you.
A gnoll comes into view. It is wielding a +0 club.
Found a ring mail.
Found a stone staircase leading down.
The gnoll shouts!
An orc comes into view. It is wielding a +0 flail.
A white imp comes into view.
An iguana comes into view.
The gnoll hits you with a +0 club.
* * * LOW HITPOINT WARNING * * *
A gnoll comes into view. It is wielding a +0 whip.
A gnoll bouda comes into view. It is wielding a +0 whip.
The gnoll attacks as you move away! The gnoll hits you with a +0 club.
You die...

####..###... ..#.......
......... ....#... #g.......#
..#.#.## .# #g.........
#.#.†..# .######...........
..#....#...#.l5.......[o...
......##.....................
>.....#........<.............#
.h......#.......@g......##....
#.......#...............#.....
#.....####.##...?......o......
###...S..#....................
#..........#....#...........
....?...#..####...#...........
......S##...# #.###...>.......
........ .##.. ##..........
.....#... .... #...........


You could see a gnoll bouda (wandering), an iguana (wandering), 2 gnolls, a
white imp (wandering) and 2 orcs.

Vanquished Creatures
  An adder (D:5)
  A quokka (D:5)
2 creatures vanquished.

Vanquished Creatures (others)
  6 fungi (D:6)
6 creatures vanquished.

Grand Total: 8 creatures vanquished

Notes
Turn   | Place    | Note
-------+----------+-------------------------------------------
     0 | D:5      | ragingrage the Minotaur Delver began the quest for the Orb.
     0 | D:5      | Reached XP level 1. HP: 19/19 MP: 0/0
    17 | D:5      | Reached XP level 2. HP: 24/26 MP: 1/1
    43 | D:5      | Noticed a black bear
    72 | D:6      | Found Riawisem's Book Emporium.
   205 | D:5      | HP: 1/26 [gnoll/+0 club[a gnoll bouda] (6)]
   207 | D:5      | Slain by a gnoll

Illustrated notes

Levels and vault maps discovered:
D:5:      layout_cave_pools, minivault_14, uniq_menkaure
D:6:      kennysheep_six_static_rooms, layout_basic, serial_aquarium,
          aquarium_bridge_straight [aquarium_subvault_bridge,
          aquarium_subvault_wall, aquarium_subvault_bridge,
          aquarium_subvault_wall], aquarium_window_corner,
          aquarium_window_corridor_2, aquarium_view_4, aquarium_view_2a,
          aquarium_pool_side, serial_shops, shop, minmay_microvault,
          uniq_eustachio

Skill      XL: |  1 |
---------------+----+-----
Axes           | 3 |  3.5
Fighting       | |  3.6
Dodging        | |  2.1
Stealth        | |  4.1

Action                   || total
-------------------------++-------
Melee: Hand axe          ||    10
       Headbutt          ||     4
Dodge: Dodged            ||    12

Table legend: (Time is in decaauts)
 A = Elapsed time spent in this place.
 B = Non-inter-level travel time spent in this place.
 C = Inter-level travel time spent in this place.
 D = Time resting spent in this place.
 E = Time spent auto-exploring this place.
 F = Levels seen in this place.
 G = Mean time per level.
                   A        B        C        D        E       F      G
               +--------+--------+--------+--------+--------+-----+--------+
         Total |    208 |    206 |      2 |      4 |    150 |   2 |  104.0 |
       Dungeon |    208 |    206 |      2 |      4 |    150 |   2 |  104.0 |
               +--------+--------+--------+--------+--------+-----+--------+

Top non-repeatable levels by time:
     D:6: 145 daAuts
     D:5: 62 daAuts
